AoeStats
← Enelchen

Arena

510809044Analyzed
3v3 RM · 19h ago on Oct 2, 2026· 75m 3s· 6 players
Game mode
Random Map
Map size
Normal (6 player)
Population
200
Speed
Normal
Resources
Standard
Victory
Conquest
Starting age
Dark Age
Ending age
Imperial Age
RankedLock teamsTeams togetherTeam positionsShared explorationLock speedFull tech treeHidden civsTurbo modeCheats
Victory
Defeat
🇨🇳 Malians · China
1058
+13
🇨🇳 Goths · China
1052
+13
🇨🇳 Cumans · China
1009
+15
🇩🇪 Malians · Germany
1014
-38
🇲🇽 Danes · Mexico
1010
-15
🇹🇷 Burgundians · Türkiye
934
-12
Enelchen
10:56 Feudal Age
14:32 Castle Age
12:30 Double-Bit Axe
12:40 Horse Collar
16:09 Bow Saw
21:32 Wheelbarrow
21:17 Heavy Plow
23:13 Hand Cart
23:15 Gold Mining
23:19 Stone Mining
23:26 Town Watch
23:27 Loom
24:06 Scale Mail Armor
24:57 Fervor
24:26 Pikeman
25:06 Squires
25:00 Arson
24:52 Man-at-Arms
26:03 Chain Mail Armor
25:59 Forging
26:58 Gold Shaft Mining
27:01 Stone Shaft Mining
28:03 Coinage
27:34 Caravan
27:41 Long Swordsman
30:01 Husbandry
30:12 Bloodlines
32:39 Imperial Age
30:25 Scale Barding Armor
30:13 Fletching
30:24 Padded Archer Armor
30:51 Devotion
32:49 Two-Handed Swordsman
33:56 Conscription
33:43 Farimba
33:08 Heavy Camel Rider
33:45 Champion
35:49 Banking
35:29 Guilds
35:48 Light Cavalry
35:50 Cavalier
35:52 Elite Gbeto
37:08 Hoardings
36:56 Ballistics
37:37 Chemistry
36:47 Masonry
37:04 Faith
37:54 Sappers
39:02 Plate Mail Armor
38:53 Chain Barding Armor
39:56 Sanctity
42:01 Plate Barding Armor
42:02 Iron Casting
52:43 Architecture
56:06 Murder Holes
56:46 Leather Archer Armor
56:27 Bodkin Arrow
58:21 Fortified Wall
PycHOPTER
7:27 Loom
8:38 Wheelbarrow
13:03 Feudal Age
14:21 Man-at-Arms
20:41 Castle Age
21:07 Crossbowman
21:14 Crossbowman
22:44 Double-Bit Axe
25:52 Town Watch
31:48 Fletching
31:59 Padded Archer Armor
36:34 Ballistics
36:34 Bow Saw
41:10 Imperial Age
39:26 Stone Mining
41:42 Two-Man Saw
40:48 Gold Mining
50:31 Chemistry
50:58 Pikeman
51:57 Squires
52:26 Leather Archer Armor
52:06 Bodkin Arrow
52:07 Halberdier
52:07 Long Swordsman
57:44 Bracer
57:57 Forging
59:15 Conscription
64:27 Capped Ram
69:18 Two-Handed Swordsman
Oswaldo.rdz
10:12 Feudal Age
11:42 Loom
14:22 Castle Age
14:06 Town Watch
14:12 Double-Bit Axe
15:49 Forging
16:21 Bow Saw
15:53 Horse Collar
18:47 Scale Mail Armor
26:34 Iron Casting
33:30 Chain Mail Armor
38:44 Wheelbarrow
42:44 Heavy Plow
42:37 Hamask
45:30 Gambesons
46:59 Squires
47:02 Arson
50:11 Fletching
51:46 Bodkin Arrow
51:52 Padded Archer Armor
54:28 Thumb Ring
54:48 Ballistics
54:46 Leather Archer Armor
58:19 Imperial Age
58:36 Hand Cart
58:38 Gold Mining
60:07 Husbandry
61:12 Blast Furnace
60:49 Plate Mail Armor
59:50 Man-at-Arms
61:14 Gold Shaft Mining
60:46 Long Swordsman
62:27 Conscription
62:55 Two-Handed Swordsman
63:32 Champion
68:21 Chemistry
70:01 Heavy Mounted Crossbowman
70:02 Cranequins
70:47 Bracer
72:56 Bloodlines
1277765061
5:21 Loom
10:35 Feudal Age
11:04 Double-Bit Axe
25:32 Castle Age
24:45 Man-at-Arms
25:11 Arson
26:43 Scale Barding Armor
26:49 Forging
28:36 Chain Barding Armor
46:07 Wheelbarrow
52:52 Bloodlines
55:25 Iron Casting
58:33 Imperial Age
60:50 Cavalier
65:40 Plate Barding Armor
66:06 Blast Furnace
66:16 Light Cavalry
67:03 Hussar
67:55 Caravan
71:14 Steppe Husbandry
74:42 Elite Steppe Lancer
水水火火
0:28 Loom
11:20 Feudal Age
10:51 Loom
11:39 Man-at-Arms
20:01 Castle Age
17:50 Double-Bit Axe
18:03 Horse Collar
22:48 Heavy Plow
26:50 Bow Saw
27:34 Gold Mining
28:20 Scale Mail Armor
29:05 Forging
34:29 Imperial Age
33:38 Wheelbarrow
32:49 Town Watch
34:43 Gold Shaft Mining
35:02 Chain Mail Armor
34:53 Scale Barding Armor
35:24 Iron Casting
35:46 Conscription
34:59 Elite Gbeto
37:39 Plate Mail Armor
39:29 Chain Barding Armor
39:24 Farimba
39:56 Arson
40:11 Squires
40:42 Husbandry
40:53 Bloodlines
40:04 Heavy Camel Rider
43:42 Plate Barding Armor
53:27 Cavalier
54:35 Fletching
54:45 Padded Archer Armor
55:53 Caravan
59:24 Masonry
59:27 Fortified Wall
59:29 Masonry
61:53 Light Cavalry
76:16 Chemistry
74:57 Treadmill Crane
75:13 Murder Holes
嘿咻
0:29 Loom
12:21 Feudal Age
15:41 Scale Mail Armor
15:52 Forging
15:11 Man-at-Arms
16:55 Horse Collar
24:11 Castle Age
24:22 Long Swordsman
25:03 Squires
26:23 Chain Mail Armor
26:44 Iron Casting
28:24 Heavy Plow
28:11 Double-Bit Axe
29:34 Bow Saw
32:22 Wheelbarrow
31:32 Town Watch
34:29 Hand Cart
38:53 Imperial Age
38:21 Town Patrol
38:35 Gold Mining
38:36 Stone Mining
38:38 Pikeman
38:57 Two-Handed Swordsman
39:34 Halberdier
41:26 Blast Furnace
40:07 Champion
41:31 Perfusion
43:06 Scale Barding Armor
48:17 Stone Shaft Mining
53:09 Anarchy
52:39 Sappers
53:30 Conscription
52:30 Elite Huskarl
58:19 Caravan
58:50 Coinage
Connection lost

Rejoining the realm…

Still unreachable

The connection could not be restored.

Session expired

The server has moved on; the page needs a fresh start.